 Dungeon Crawl Stone Soup version 0.27-a0-1136-g0b992a5a9d (webtiles) character file.

Game seed: 9095803653404325106

105 robertstho the Magician (level 4, -1/31 HPs)
             Began as a Djinni Fire Elementalist on May 5, 2021.
             Slain by an orc wizard
             ... wielding a +0 dagger
              (3 damage)
             ... on level 2 of the Dungeon.
             The game lasted 00:02:34 (1928 turns).

robertstho the Magician (Djinni Fire Elementalist)  Turns: 1928, Time: 00:02:35

Health: -1/31      AC:  3    Str:  7    XL:     4   Next: 81%
Gold:   113        EV: 12    Int: 17    God:
                   SH:  0    Dex: 14

rFire    + + .     SeeInvis .   b - +0 dagger
rCold    x . .     Faith    .   (no shield)
rNeg     . . .     Spirit   .   a - +0 robe
rPois    ∞         Reflect  .   (no helmet)
rElec    .         Harm     .   (no cloak)
rCorr    .         Rampage  .   g - +0 pair of gloves
Will     .....                  (boots unavailable)
Stlth    ++........             (no amulet)
HPRegen  0.10/turn              (no ring)
MPRegen  0.00/turn              (no ring)

@: flying
A: sickness immunity, fire resistance 2, cold vulnerability 1, float, innate
caster, hp casting, extra vitality 1
a: no special abilities


You were on level 2 of the Dungeon.
You visited 1 branch of the dungeon, and saw 3 of its levels.

You collected 113 gold pieces.

Inventory:

Hand Weapons
 b - a +0 dagger (weapon)
Armour
 a - a +0 robe (worn)
 g - a +0 pair of gloves (worn)
Scrolls
 c - 3 scrolls of identify
 d - a scroll of noise
 e - a scroll of brand weapon {unknown}
 i - 3 scrolls of enchant weapon {unknown}


   Skills:
 + Level 2.5 Dodging
 + Level 1.9 Stealth
 + Level 4.3 Spellcasting


You couldn't memorise any spells.
You knew the following spells:

 Your Spells              Type           Power      Damage    Failure   Level
a - Foxfire               Conj/Fire      72%        2x1d7     2%          1
b - Conjure Flame         Conj/Fire      18%        6-21      8%          3
c - Inner Flame           Hex/Fire       18%        N/A       8%          3
d - Sticky Flame          Conj/Fire      18%        2d4       26%         4
e - Fireball              Conj/Fire      9%         3d6       56%         5
f - Beastly Appendage     Tmut           36%        N/A       2%          1
Your spell library was empty.

Dungeon Overview and Level Annotations

Branches:
Dungeon (3/15)

Altars:

Annotations:
D:3 Sigmund


Innate Abilities, Weirdness & Mutations

You are immune to sickness and miasma.
You are immune to poison.
Your flesh is very heat resistant. (rF++)
You are vulnerable to cold. (rC-)
You float through the air rather than walking.
You learn spells naturally, not from books.
Your magical power is your life essence.
You have superior vitality. (+4 HP)


Message History

The orc wizard is heavily wounded.
The orc wizard hits you but does no damage.
You hit the orc wizard.
The orc wizard is heavily wounded.
The orc wizard hits you but does no damage.
You barely miss the orc wizard.
The orc wizard is heavily wounded.
The orc wizard gestures at you while chanting.
The puff of flame hits you.
* * * LOW HITPOINT WARNING * * *
You barely miss the orc wizard.
The orc wizard is heavily wounded.
The orc wizard gestures at itself while chanting.
The orc wizard flickers and vanishes!
Deactivating autopickup; reactivate with Ctrl-A.
You hit something. Something hits you but does no damage.
You miss something.
Your transformation is almost over.
Something hits you but does no damage.
You miss something. Something hits you but does no damage.
You closely miss something. Something hits you but does no damage.
You hit something but do no damage. Something hits you but does no damage.
You closely miss something. Something hits you but does no damage.
You closely miss something. Something hits you but does no damage.
You miss something. Something hits you but does no damage.
You completely miss something. Something hits you but does no damage.
You hit something but do no damage. Something hits you but does no damage.
You miss something. Something hits you but does no damage.
You hit something but do no damage.
You feel less wooden.
Your +0 pair of gloves unmelds from your body.
Your +0 robe unmelds from your body.
Something hits you but does no damage.
You hit something. Something barely misses you.
You miss something. Something hits you.
* * * LOW HITPOINT WARNING * * *
You hit something. Something hits you.
* * * LOW HITPOINT WARNING * * *
You aren't carrying any items that you can evoke.
You closely miss something. Something hits you.
You die...

########.........###..#..........
##.....#..##### #..#..########
##......#.†# #..#..# #
#<......#..# #..#..# ### #
#.......#..#######..#..####.###
#.......)...........#......#.#.
####.....##......######..##.###.#
.# ##...########.# #..#.## ##<
.## ##.## #@# ####..##.###.# ..#
#.#########{# #.......#.#.#. ..#
#...........###.#####.##.### ..#
#......<......#.# #....... #.#
##...............# #.######
#.###.#.##########.#.# #.# #
.....###.# #...#####.# ##
#.###.#.############.......#####.
#.# ##...............##.........#


There were no monsters in sight!

Vanquished Creatures
  An orc priest (D:3)
  5 adders (D:2)
  2 orcs (D:3)
  A ball python (D:2)
  2 endoplasms (D:2)
  2 goblins
  4 hobgoblins
  3 frilled lizards (D:2)
  7 kobolds
  3 rats (D:2)
30 creatures vanquished.

Vanquished Creatures (others)
  105 foxfires
105 creatures vanquished.

Grand Total: 135 creatures vanquished

Notes
Turn   | Place    | Note
-------+----------+-------------------------------------------
     0 | D:1      | robertstho the Djinni Fire Elementalist began the quest for
                  | the Orb.
     0 | D:1      | Reached XP level 1. HP: 15/15 MP: 0/0
   616 | D:2      | Reached skill level 3 in Spellcasting
   616 | D:2      | Reached XP level 2. HP: 17/21 MP: 0/0
  1075 | D:2      | Reached XP level 3. HP: 22/25 MP: 0/0
  1075 | D:2      | Learned a level 1 spell: Beastly Appendage
  1486 | D:2      | Reached XP level 4. HP: 29/31 MP: 0/0
  1700 | D:2      | Reached skill level 4 in Spellcasting
  1870 | D:3      | Noticed Sigmund
  1928 | D:2      | Slain by an orc wizard

Illustrated notes

Levels and vault maps discovered:
D:1:      lightli_iron_boxes, layout_rooms
D:2:      minmay_recursive_quarters, layout_loops_ring
D:3:      layout_rooms, marbit_many_paths, nicolae_qazlal_general_emergency,
          ebering_ecumenical_altar_petrified, serial_shops, shop, uniq_ijyb,
          uniq_sigmund

Skill      XL: |  1  2  3  4 |
---------------+-------------+-----
Spellcasting   | 3 4 |  4.3
Dodging        | |  2.5
Stealth        | |  1.9

Action                   |  1- 3 |  4- 6 || total
-------------------------+-------+-------++-------
Melee: Dagger            |       |    41 ||    41
 Cast: Foxfire           |    54 |    13 ||    67
  Use: Potion            |       |     3 ||     3
       Scroll            |       |     1 ||     1
Armor: Skin              |       |    31 ||    31
       Robe              |       |     2 ||     2
Dodge: Dodged            |     4 |     2 ||     6

Table legend: (Time is in decaauts)
 A = Elapsed time spent in this place.
 B = Non-inter-level travel time spent in this place.
 C = Inter-level travel time spent in this place.
 D = Time resting spent in this place.
 E = Time spent auto-exploring this place.
 F = Levels seen in this place.
 G = Mean time per level.
                   A        B        C        D        E       F      G
               +--------+--------+--------+--------+--------+-----+--------+
         Total |   1927 |   1879 |     48 |      0 |   1666 |   3 |  642.3 |
       Dungeon |   1927 |   1879 |     48 |      0 |   1666 |   3 |  642.3 |
               +--------+--------+--------+--------+--------+-----+--------+

Top non-repeatable levels by time:
     D:2: 1324 daAuts
     D:1: 595 daAuts
     D:3: 7 daAuts
